 Dungeon Crawl Stone Soup version 0.19.0-11-g3fc08b3 (webtiles) character file.

35 dysrexia the Cudgeler (level 3, 0/34 HPs)
             Began as a Naga Fighter on Nov 9, 2016.
             Succumbed to Ijyb's poison
             ... on level 2 of the Dungeon.
             The game lasted 00:04:01 (1254 turns).

dysrexia the Cudgeler (Naga Fighter)                Turns: 1254, Time: 00:04:01

Health: 0/34       AC:  4    Str: 23    XL:     3   Next: 35%
Magic:  3/3        EV:  5    Int: 13    God:
Gold:   56         SH:  9    Dex: 11    Spells: 0 memorised, 2 levels left

rFire  . . .     SeeInvis +     a - +0 flail
rCold  . . .     Gourm    .     b - +0 scale mail
rNeg   . . .     Faith    .     c - +0 shield
rPois  +         Spirit   .     (no helmet)
rElec  .         Reflect  .     (no cloak)
rCorr  .         Harm     .     (no gloves)
MR     .....                    (no barding)
Stlth  ..........               s - amulet of rage
                                (no ring)
                                (no ring)

@: mighty, brilliant, lethally poisoned (0 -> -9), very slightly contaminated,
invisible, very slow
A: see invisible, deformed body, poison resistance, slowness 2, slow metabolism
1, spit poison 1, AC +1
a: Spit Poison, Evoke Berserk Rage


You were on level 2 of the Dungeon.
You were not hungry.

You visited 1 branch of the dungeon, and saw 2 of its levels.

You collected 56 gold pieces.

Inventory:

Hand Weapons
 a - a +0 flail (weapon)
Missiles
 m - 45 stones (quivered)
 q - 10 poisoned needles
Armour
 b - a +0 scale mail (worn)
 c - a +0 shield (worn)
 k - a +0 chain mail
Jewellery
 o - an uncursed ring of poison resistance
 s - an amulet of rage (around neck)
Scrolls
 g - 4 scrolls of remove curse {unknown}
 i - a scroll of recharging {unknown}
 j - a scroll of fog {unknown}
 l - a scroll of fear {unknown}
 n - a scroll of identify {unknown}
 r - a scroll of teleportation {unknown}
Potions
 h - a potion of invisibility
Comestibles
 f - 3 bread rations
 p - 4 chunks of flesh


   Skills:
 - Level 3.0 Fighting
 * Level 3.6 Maces & Flails
 - Level 2.4 Armour
 - Level 2.4 Shields


You had 2 spell levels left.
You didn't know any spells.

Dungeon Overview and Level Annotations

Branches:
Dungeon (2/15)

Altars:
Hepliaklqana
Makhleb
Okawaru

Annotations:
D:2 Ijyb


Innate Abilities, Weirdness & Mutations

You cannot wear boots.
Your serpentine skin is tough. (AC +1)
You have supernaturally acute eyesight. (SInv)
Armour fits poorly on your strangely shaped body.
Your system is resistant to poisons. (rPois)
You cover ground very slowly.
You have a slow metabolism.
You can spit poison.


Message History

You feel sick. The adder bites you.
* * * LOW HITPOINT WARNING * * *
The adder bites you.
* * * LOW HITPOINT WARNING * * *
It was a potion of invisibility.
You fade into invisibility!
* * * LOW HITPOINT WARNING * * *
You feel sick. The adder barely misses you.
Ijyb screams, "Level is mine!
All mine!"
You are very lightly contaminated with residual magic.
You feel very mighty all of a sudden.
You have got your breath back.
* * * LOW HITPOINT WARNING * * *
You feel sick. You block the adder's attack.
* * * LOW HITPOINT WARNING * * *
You feel sick. The adder bites you but does no damage.
You catch the helpless adder completely off-guard!
You sock the adder!
You kill the adder!
You die...

#.#.....##.#
#........
#.####.###.#
#........
#.####.....#
#........
#.....######
#........ #####.###
#........ #......#
#........ #......#
.....
#......######......
#......@.g.........
##########.....=...
#.........
#.........
#.........
..........
######.... ####


You could see Ijyb.

Vanquished Creatures
  An adder (D:2)
  A worm (D:2)
  3 goblins (D:1)
  3 hobgoblins (D:2)
  3 jackals (D:1)
  4 kobolds
  3 bats
  3 frilled lizards
  2 rats (D:1)
23 creatures vanquished.

Notes
Turn   | Place    | Note
-------+----------+-------------------------------------------
     0 | D:1      | dysrexia the Naga Fighter began the quest for the Orb.
     0 | D:1      | Reached XP level 1. HP: 21/21 MP: 1/1
    84 | D:1      | Reached XP level 2. HP: 22/28 MP: 2/2
   732 | D:2      | Found a hazy altar of Hepliaklqana.
   742 | D:2      | Found a burning altar of Makhleb.
   747 | D:2      | Found an iron altar of Okawaru.
  1081 | D:2      | Reached XP level 3. HP: 33/34 MP: 3/3
  1239 | D:2      | Noticed Ijyb
  1253 | D:2      | HP: 1/34 [poisoned by Ijyb]
  1254 | D:2      | Succumbed to Ijyb's poison

Skill      XL: |  1  2 |
---------------+-------+-----
Maces & Flails | 3 |  3.6
Fighting       | |  3.0
Armour         | |  2.4
Shields        | |  2.4

Action                   || total
-------------------------++-------
Melee: Flail             ||    67
 Abil: Spit Poison       ||     2
  Use: Potion            ||     3
 Stab: Invisible         ||     1
  Eat: Chunk             ||     1
Armor: Scale mail        ||    31
Dodge: Dodged            ||     9
Block: Shield            ||    33
